 Dungeon Crawl Stone Soup version 0.30-a0-626-gd6a5dd7a1f (webtiles) character file.

Game seed: 1651927894055132322

3339 ryw the Reanimator (level 10, -12/73 HPs)
             Began as a Human Necromancer on Jan 11, 2023.
             Mangled by a two-headed ogre
             ... wielding a +0 giant spiked club
              (18 damage)
             ... on level 9 of the Dungeon.
             The game lasted 00:26:24 (10137 turns).

ryw the Reanimator (Human Necromancer)             Turns: 10137, Time: 00:26:25

Health: -12/73     AC:  8    Str:  9    XL:     10   Next: 22%
Magic:  11/18      EV: 14    Int: 20    God:
Gold:   509        SH:  0    Dex: 13    Spells: 4/19 levels left

rFire   . . .      SeeInvis +    t - +2 short sword (venom)
rCold   + . .      Faith    .    (no shield)
rNeg    . . .      Spirit   .    a - +0 robe
rPois   .          Reflect  .    (no helmet)
rElec   .          Harm     .    p - +1 cloak
rCorr   .          Rampage  .    A - +0 pair of gloves
Will    .....                    L - +2 pair of boots
Stlth   ++                       j - amulet of magic regeneration
HPRegen 0.32/turn                l - ring of see invisible
MPRegen 0.56/turn                s - ring of protection from cold

@: swift, very quick
A: no striking features
a: no special abilities


You were on level 9 of the Dungeon.
You visited 2 branches of the dungeon, and saw 10 of its levels.

You collected 509 gold pieces.

Inventory:

Hand Weapons
 h - a +1 vampiric hand axe
 t - a +2 short sword of venom (weapon)
Armour
 a - a +0 robe (worn)
 p - a +1 cloak (worn)
 A - a +0 pair of gloves (worn)
 L - a +2 pair of boots (worn)
Jewellery
 j - an amulet of magic regeneration (around neck)
 l - a ring of see invisible (left hand)
 s - a ring of protection from cold (right hand)
 w - a ring of positive energy
 J - a ring of ice
Wands
 x - a wand of flame (30)
 C - a wand of polymorph (6)
 K - a wand of acid (1)
Scrolls
 b - a scroll of enchant armour {unknown}
 c - 5 scrolls of teleportation
 e - a scroll of magic mapping {unknown}
 f - 2 scrolls of brand weapon {unknown}
 k - 3 scrolls of fog {unknown}
 r - a scroll of silence {unknown}
 u - a scroll of blinking {unknown}
 v - a scroll of summoning {unknown}
 y - a scroll of amnesia {unknown}
 D - a scroll of noise {unknown}
 F - a scroll of identify
 H - a scroll of immolation {unknown}
 I - a scroll of vulnerability {unknown}
Potions
 d - 2 potions of lignification
 g - a potion of curing
 i - a potion of ambrosia
 m - 3 potions of heal wounds
 n - 3 potions of magic
 o - a potion of berserk rage
 q - a potion of resistance
 z - a potion of might
 B - a potion of attraction {unknown}
 E - a potion of cancellation {unknown}
 G - a potion of brilliance {unknown}


   Skills:
 + Level 4.7 Fighting
 + Level 5.2 Dodging
 - Level 2.0 Stealth
 + Level 5.4 Spellcasting
 * Level 9.1 Necromancy
 - Level 3.0 Translocations
 + Level 5.0 Transmutations
 + Level 2.4 Air Magic


You had 4 spell levels left.
You knew the following spells:

 Your Spells              Type           Power      Damage    Failure   Level
a - Necrotise             Necr           100%       1d9       1%          1
b - Vampiric Draining     Necr           42%        2d9       1%          3
c - Animate Dead          Necr           42%        N/A       2%          4
d - Passwall              Tmut/Erth      12%        N/A       6%          2
e - Blink                 Tloc           34%        N/A       4%          2
f - Swiftness             Air            15%        N/A       12%         3

Your spell library contained the following spells:

 Spells                   Type           Power      Damage    Failure   Level
 Shock                    Conj/Air       40%        1d5       7%          1
 Sandblast                Erth           10%        2d5       11%         1
 Ozocubu's Armour         Ice            5%         N/A       32%         3
 Stone Arrow              Conj/Erth      10%        3d7       32%         3
 Manifold Assault         Tloc           17%        N/A       32%         4
 Airstrike                Air            7%         2d(2-18)  38%         4
 Agony                    Necr           42%        N/A       7%          5
 Summon Forest            Summ/Tloc      5%         N/A       86%         5
 Summon Mana Viper        Hex/Summ       5%         N/A       97%         5
 Summon Cactus Giant      Summ           2%         N/A       100%        6
 Ozocubu's Refrigeration  Ice            2%         4d8       100%        7
 Storm Form               Tmut/Air       10%        N/A       100%        7


Dungeon Overview and Level Annotations

Branches:
Dungeon (9/15)             Temple (1/1) D:7            Lair (0/5) D:9
    Orc: D:9-12

Altars:
Ashenzari
Cheibriados
Dithmenos
Elyvilon
Fedhas
Gozag
Hepliaklqana
Makhleb
Nemelex Xobeh
Okawaru
Qazlal
Ru
Sif Muna
Trog
Uskayaw
Vehumet
Wu Jian
Xom
Yredelemnul
Zin
The Shining One

Shops:
D:3 (   D:9 (

Annotations:
D:7 exclusions: deep elf pyromancer, hydra and troll


Message History

You start putting on your armour.
You continue putting on your +2 pair of boots. x4
You finish putting on your +2 pair of boots.
There is an open door here.
You swap places.
You swap places.
You swap places.
You swap places.
There is an open door here.
Done exploring.
Done exploring.
Done exploring.
There is an open door here.
A two-headed ogre comes into view.
It is wielding two +0 giant spiked clubs.
The two-headed ogre moves out of view.
A two-headed ogre is nearby!
Casting: Vampiric Draining (safe; 1% risk of failure)
Confirm with . or Enter, or press ? or * to list all spells.
Okay, then.
Casting: Vampiric Draining (safe; 1% risk of failure)
Confirm with . or Enter, or press ? or * to list all spells.
You feel quick.
Casting: Swiftness (dangerous; 12% risk of failure)
Confirm with . or Enter, or press ? or * to list all spells.
Aiming: Vampiric Draining (safe; 1% risk of failure)
Press: ? - help, Shift-Dir - straight line, f - two-headed ogre
Aim: a two-headed ogre, wielding two +0 giant spiked clubs (ally target)
You draw life force from the two-headed ogre.
The two-headed ogre hits you with a +0 giant spiked club!! x2
Casting: Vampiric Draining (safe; 1% risk of failure)
Confirm with . or Enter, or press ? or * to list all spells.
Aiming: Vampiric Draining (safe; 1% risk of failure)
Press: ? - help, Shift-Dir - straight line, f/p - two-headed ogre
Aim: a two-headed ogre, wielding two +0 giant spiked clubs (lightly wounded, ally target)
You draw life force from the two-headed ogre!
You feel life coursing into your body.
The two-headed ogre hits you with a +0 giant spiked club!!
* * * LOW HITPOINT WARNING * * *
The two-headed ogre hits you with a +0 giant spiked club!!
You die...

###.Z.####Z........####..)......
#.....# ##.......## ##.##.###.
#.##### ##.....## #.##.# #. #Z#
##...## #.#..# #. #Z# ##Z##
#.#.####. #Z# #Z# #........ #Z#
#.# ### ###.##### #.# ##Z##
##.## #.# #.# ##.Z@###Z#Z## #Z#
#.# #...O.#.###Z###Z# #.######
###...#.## ##.##.#
#......####.....### ##Z..#
#########...P..P..## ##Z####
##........P..###Z##
##..........P.##.##
#.....P.......#Z##
###....P....>..P###


You could see a two-headed ogre (ally target), 3 friendly orc zombies and a
friendly orc warrior zombie.

Vanquished Creatures
  A komodo dragon (D:9)
  Sigmund (D:3)
  A steam dragon (D:9)
  3 water moccasins
  3 orc warriors (D:9)
  3 ice beasts
  A sky beast (D:6)
  An ogre (D:5)
  A centaur (D:8)
  3 kobold brigands (D:9)
  3 scorpions
  A bullfrog (D:8)
  2 necrophages
  3 howler monkeys
  A jelly (D:6)
  7 hounds
  2 orc priests
  An iguana (D:6)
  7 orc wizards
  5 gnolls
  7 adders
  An ufetubus (D:5)
  4 worms
  4 dart slugs
  23 orcs
  5 bats
  5 endoplasms
  2 giant cockroaches
  7 hobgoblins
  8 quokkas
  10 ball pythons
  5 frilled lizards
  11 goblins
  21 kobolds
  5 rats
168 creatures vanquished.

Vanquished Creatures (collateral kills)
  A wraith (D:8)
  2 howler monkeys (D:7)
  A goblin (D:1)
  A ball python (D:1)
  3 rats
8 creatures vanquished.

Vanquished Creatures (others)
  A centaur zombie (D:8)
  6 kobold zombies (D:9)
  3 orc zombies (D:9)
  4 fungi (D:2)
  35 plants
49 creatures vanquished.

Grand Total: 225 creatures vanquished

Notes
Turn   | Place    | Note
-------+----------+-------------------------------------------
     0 | D:1      | ryw the Human Necromancer began the quest for the Orb.
     0 | D:1      | Reached XP level 1. HP: 13/13 MP: 3/3
   356 | D:1      | Reached XP level 2. HP: 19/19 MP: 0/5
   921 | D:1      | Reached XP level 3. HP: 24/24 MP: 4/6
  1221 | D:1      | Learned a level 3 spell: Vampiric Draining
  1585 | D:2      | Reached skill level 5 in Necromancy
  1585 | D:2      | Reached XP level 4. HP: 21/30 MP: 0/7
  1854 | D:2      | Learned a level 2 spell: Blink
  2191 | D:2      | Found a faded altar of an unknown god.
  2258 | D:2      | Learned a level 2 spell: Passwall
  2376 | D:3      | Noticed Sigmund
  2524 | D:3      | Reached XP level 5. HP: 35/35 MP: 7/9
  2638 | D:3      | Found Tulownoc's Antique Weapon Emporium.
  2826 | D:3      | Reached skill level 1 in Translocations
  2826 | D:3      | Reached skill level 1 in Transmutations
  3401 | D:4      | Reached XP level 6. HP: 41/41 MP: 7/10
  3453 | D:4      | You fall into a shaft and drop 2 floors!
  3496 | D:5      | Entered Level 5 of the Dungeon
  3602 | D:5      | Reached skill level 1 in Fighting
  3602 | D:5      | Reached skill level 6 in Necromancy
  3893 | D:5      | Reached XP level 7. HP: 44/45 MP: 1/11
  4728 | D:5      | Found a sparkling altar of Nemelex Xobeh.
  4739 | D:5      | Found a snail-covered altar of Cheibriados.
  4739 | D:5      | Found a sacrificial altar of Ru.
  4742 | D:5      | Found an iron altar of Okawaru.
  4763 | D:5      | Reached XP level 8. HP: 43/54 MP: 5/13
  4917 | D:5      | Learned a level 4 spell: Animate Dead
  5389 | D:6      | Reached skill level 7 in Necromancy
  6160 | D:7      | Reached XP level 9. HP: 64/64 MP: 9/15
  6190 | D:7      | Found a blossoming altar of Fedhas.
  6292 | D:7      | Found a staircase to the Ecumenical Temple.
  6299 | Temple   | Entered the Ecumenical Temple
  6910 | D:7      | Noticed a deep elf pyromancer
  6996 | D:7      | Noticed a six-headed hydra
  7050 | D:7      | Reached skill level 8 in Necromancy
  7105 | D:7      | Noticed a troll
  7517 | D:3      | Killed Sigmund
  7693 | D:8      | Learned a level 3 spell: Swiftness
  8432 | D:8      | Reached skill level 5 in Spellcasting
  8432 | D:8      | Reached skill level 1 in Air Magic
  9220 | D:9      | Found a staircase to the Lair.
  9220 | D:9      | Noticed a komodo dragon
  9228 | D:9      | Killed a komodo dragon
  9229 | D:9      | Reached XP level 10. HP: 44/73 MP: 2/17
  9415 | D:9      | Reached skill level 5 in Dodging
  9763 | D:9      | Reached skill level 9 in Necromancy
 10029 | D:9      | Reached skill level 5 in Transmutations
 10033 | D:9      | Found Voxzul's Weapon Shop.
 10131 | D:9      | Noticed a two-headed ogre
 10137 | D:9      | Mangled by a two-headed ogre

Illustrated notes

Levels and vault maps discovered:
D:1:      dpeg_arrival_circle_labyrinth_c, layout_basic, serial_curves,
          eino_curves_04, eino_curves_02
D:2:      layout_rooms, shapermc_ecumenical_altar_acropolis, minmay_tromino_mix6
D:3:      layout_loops_ring, serial_shops, shop, dk_vineyard_1,
          amcnicky_mini_rare_corridor_liquid, uniq_sigmund
D:4:      layout_loops_ring, minmay_misc_feat_secret_circle, grunt_ministairs_1
D:5:      layout_gridville, grunt_temple_overflow_open
D:6:      layout_loops_ring, chequers_serial_rivers_micro_c
D:7:      layout_loops_ring, mainiacjoe_overflow_alcove_4,
          kennysheep_vampire_church, minmay_temple_entry_wispy,
          minmay_the_grid_2x2 [minmay_the_grid_spikes,
          minmay_the_grid_holed_spiral, minmay_the_grid_eight,
          minmay_the_grid_prize_inner_circle]
D:8:      layout_loops_ring, small_chamber_with_monster
D:9:      layout_loops_corners, david_lair_shrubbed, serial_shops,
          nicolae_shop_hallway_plus
Temple:   nicolae_temple_slightly_damp_pantheon

Skill      XL: |  1  2  3  4  5  6  7  8  9 10 |
---------------+-------------------------------+-----
Necromancy     | 5 6 7 8 9 |  9.1
Spellcasting   | 3 4 5 |  5.4
Translocations | 1 2 3 |  3.0
Transmutations | 1 2 3 4 5 |  5.0
Fighting       | 1 2 3 4 |  4.7
Dodging        | 3 4 5 |  5.2
Air Magic      | 1 2 |  2.4
Stealth        | |  2.0

Action                   |  1- 3 |  4- 6 |  7- 9 | 10-12 || total
-------------------------+-------+-------+-------+-------++-------
Melee: Dagger            |     2 |    22 |       |       ||    24
       Short sword       |       |    31 |   116 |    10 ||   157
       Punch             |       |       |     2 |       ||     2
 Cast: Necrotise         |    57 |    80 |    42 |       ||   179
       Vampiric Draining |       |     8 |    96 |    32 ||   136
       Passwall          |       |     1 |       |       ||     1
       Animate Dead      |       |       |     6 |     1 ||     7
       Blink             |       |       |     2 |     1 ||     3
       Swiftness         |       |       |     1 |     1 ||     2
  Use: Potion            |       |     2 |     1 |       ||     3
       Scroll            |       |     6 |     3 |       ||     9
 Stab: Sleeping          |       |     1 |     2 |     1 ||     4
       Distracted        |       |       |     1 |       ||     1
Armor: Robe              |     1 |    15 |    46 |     4 ||    66
Dodge: Dodged            |     2 |    36 |   133 |    14 ||   185

Table legend: (Time is in decaauts)
 A = Elapsed time spent in this place.
 B = Non-inter-level travel time spent in this place.
 C = Inter-level travel time spent in this place.
 D = Time resting spent in this place.
 E = Time spent auto-exploring this place.
 F = Levels seen in this place.
 G = Mean time per level.
                   A        B        C        D        E       F      G
               +--------+--------+--------+--------+--------+-----+--------+
         Total |  10474 |   9832 |    642 |    978 |   7147 |  10 | 1047.4 |
       Dungeon |  10285 |   9665 |    620 |    978 |   6998 |   9 | 1142.8 |
        Temple |    188 |    166 |     22 |      0 |    149 |   1 |  188.0 |
               +--------+--------+--------+--------+--------+-----+--------+

Top non-repeatable levels by time:
     D:1: 1517 daAuts
     D:9: 1478 daAuts
     D:7: 1359 daAuts
     D:8: 1159 daAuts
     D:5: 1153 daAuts
     D:3: 1053 daAuts
     D:4: 900 daAuts
     D:6: 885 daAuts
     D:2: 778 daAuts
  Temple: 188 daAuts
